 Dungeon Crawl Stone Soup version 0.27-a0-245-g075faa5519 (webtiles) character file.

Game seed: 16066479020122240287

37 KristoblXynda the Sneak (level 3, -2/36 HPs)
             Began as a Troll Delver on Feb 3, 2021.
             Was an Initiate of Makhleb.
             Slain by a gnoll
             ... wielding a +0 spear
              (11 damage)
             ... on level 4 of the Dungeon.
             The game lasted 00:01:46 (441 turns).

KristoblXynda the Sneak (Troll Delver)               Turns: 441, Time: 00:01:46

Health: -2/36      AC:  6    Str: 20    XL:     3   Next: 21%
Magic:  2/2        EV: 10    Int:  7    God:    Makhleb [......]
Gold:   33         SH:  0    Dex: 11    Spells: 2/2 levels left

rFire    . . .     SeeInvis .     - Unarmed
rCold    . . .     Faith    .   (no shield)
rNeg     . . .     Spirit   .   a - +0 robe
rPois    .         Reflect  .   (helmet restricted)
rElec    .         Harm     .   (no cloak)
rCorr    .         Rampage  .   (gloves unavailable)
Will     .....                  (boots unavailable)
Stlth    ++........             (no amulet)
HPRegen  0.52/turn              (no ring)
MPRegen  0.08/turn              (no ring)

@: no status effects
A: large, unfitting armour, claws 3, regeneration 1, shaggy fur 1, tough skin 3
a: Renounce Religion


You were on level 4 of the Dungeon.
You worshipped Makhleb.
Makhleb was noncommittal.
You visited 1 branch of the dungeon, and saw 2 of its levels.

You collected 33 gold pieces.

Inventory:

Armour
 a - a +0 robe (worn)
Wands
 f - a wand of digging (3)
Scrolls
 b - a scroll of fog
 c - a scroll of magic mapping
 d - a scroll of fear
 g - a scroll of blinking {unknown}
Potions
 e - a potion of haste
 h - a potion of curing {unknown}


   Skills:
 + Level 2.7 Fighting
 + Level 1.0 Armour
 + Level 2.0 Dodging
 - Level 2.7 Stealth
 + Level 2.5 Unarmed Combat


You had 2 spell levels left.
You didn't know any spells.
Your spell library was empty.

Dungeon Overview and Level Annotations

Branches:
Dungeon (5/15)
 Temple: D:4-7

Altars:
Dithmenos
Makhleb

Shops:
D:5 (*!:!


Innate Abilities, Weirdness & Mutations

You are too large for most types of armour.
You have claws for hands.
Your natural rate of healing is unusually fast.
You are covered in fur. (AC +1)
You have extremely tough skin. (AC +3)


Message History

You feel clever.
You feel stronger.
You start resting.
HP restored.
Things that are here:
a +0 halberd; a gnoll corpse
There is an open door here.
Unknown command.
An ogre comes into view. It is wielding a +0 giant club.
Found a stone staircase leading down.
There is an open door here.
The ogre shouts!
The gnoll hits you with a +0 spear!
The gnoll hits you from afar with a +0 spear!
The ogre hits you with a +0 giant club!
* * * LOW HITPOINT WARNING * * *
There is an open door here.
There is an open door here.
You close the door.
The gnoll hits you from afar with a +0 spear!
You die...

#####+#########..###
............... ....
......>..... ...
#...##...# ..
#####...##...####'##
...................#
.........g.........#
..##...@##.........#
#....##...##..###
........##...##g########
.............+O..#......
........##...#...#......
##########...#...#......
#....#...#......
#....#...'......
########.###.###


You could see a gnoll.

Vanquished Creatures
  2 gnolls (D:4)
  An adder (D:5)
  2 leopard geckos
  2 orcs (D:5)
7 creatures vanquished.

Vanquished Creatures (others)
  A plant (D:5)
1 creature vanquished.

Grand Total: 8 creatures vanquished

Notes
Turn   | Place    | Note
-------+----------+-------------------------------------------
     0 | D:5      | KristoblXynda the Troll Delver began the quest for the Orb.
     0 | D:5      | Reached XP level 1. HP: 22/22 MP: 0/0
     6 | D:5      | Noticed an iguana
    14 | D:5      | Found Jasecoel's Distillery.
    26 | D:5      | Found Tuhu Yppesae's Book Shoppe.
    36 | D:5      | Found Cootsianwa's Distillery.
   100 | D:5      | Found Ruxkonougo's Antique Weapon Shop.
   116 | D:5      | Found Anol's Assorted Antiques.
   129 | D:5      | Noticed an ice beast
   161 | D:5      | Found a burning altar of Makhleb.
   172 | D:5      | Found a shadowy altar of Dithmenos.
   188 | D:5      | Became a worshipper of Makhleb the Destroyer
   202 | D:5      | Reached XP level 2. HP: 29/29 MP: 1/1
   404 | D:4      | Reached skill level 1 in Armour
   404 | D:4      | Reached XP level 3. HP: 30/36 MP: 2/2
   426 | D:4      | Noticed an ogre
   441 | D:4      | Slain by a gnoll

Illustrated notes

Levels and vault maps discovered:
D:4:      layout_gridville, overflow_temple_1_default
D:5:      layout_basic, nicolae_overflow_quartered_altars, serial_shops, shop,
          kennysheep_mini_moat, nicolae_shop_overgrown_old_shop, shop,
          nicolae_shop_crystal

Skill      XL: |  1  2 |
---------------+-------+-----
Dodging        | 2 |  2.0
Armour         | 1 |  1.0
Fighting       | |  2.7
Stealth        | |  2.7
Unarmed Combat | |  2.5

Action                   || total
-------------------------++-------
Melee: Unarmed           ||    18
 Stab: Sleeping          ||     2
Armor: Robe              ||     3
Dodge: Dodged            ||     6

Table legend: (Time is in decaauts)
 A = Elapsed time spent in this place.
 B = Non-inter-level travel time spent in this place.
 C = Inter-level travel time spent in this place.
 D = Time resting spent in this place.
 E = Time spent auto-exploring this place.
 F = Levels seen in this place.
 G = Mean time per level.
                   A        B        C        D        E       F      G
               +--------+--------+--------+--------+--------+-----+--------+
         Total |    440 |    440 |      0 |    122 |     67 |   2 |  220.0 |
       Dungeon |    440 |    440 |      0 |    122 |     67 |   2 |  220.0 |
               +--------+--------+--------+--------+--------+-----+--------+

Top non-repeatable levels by time:
     D:5: 328 daAuts
     D:4: 111 daAuts
